 Dungeon Crawl Stone Soup version 0.30-a0-777-ga9a30cbeda (webtiles) character file.

Game seed: 8239314879003973512

24038 sanka the Brawler (level 12, -4/126 HPs)
             Began as a Troll Monk on Feb 14, 2023.
             Was a High Priest of Okawaru.
             Slain by an eight-headed hydra (9 damage)
             ... on level 13 of the Dungeon.
             The game lasted 00:23:43 (13090 turns).

sanka the Brawler (Troll Monk)                     Turns: 13090, Time: 00:23:44

Health: -4/126     AC: 11    Str: 22    XL:     12   Next: 77%
Magic:  13/14      EV: 18    Int:  6    God:    Okawaru [*****.]
Gold:   508        SH:  0    Dex: 16    Spells: 11/11 levels left

rFire   . . .      SeeInvis .    b - +2 dire flail
rCold   . . .      Faith    .    (shield currently unavailable)
rNeg    . . .      Spirit   .    J - +0 troll leather armour
rPois   .          Reflect  .    T - +1 hat
rElec   .          Harm     .    (no cloak)
rCorr   .          Rampage  .    (gloves unavailable)
Will    .....                    (boots unavailable)
Stlth   +++                      h - amulet of the acrobat
HPRegen 2.01/turn                B - +5 ring of evasion
MPRegen 0.14/turn                s - +4 ring of protection

@: heroic
A: large, unfitting armour, claws 3, regeneration 1, shaggy fur 1, tough skin 1
a: Renounce Religion, Heroism, Finesse, Duel


You were on level 13 of the Dungeon.
You worshipped Okawaru.
Okawaru was extremely pleased with you.
You visited 2 branches of the dungeon, and saw 15 of its levels.

You collected 871 gold pieces.
You spent 363 gold pieces at shops.


Innate Abilities, Weirdness & Mutations

You are too large for most types of armour.
You have claws for hands.
Your natural rate of healing is unusually fast.
You are covered in fur. (AC +1)
You have tough skin. (AC +1)


   Skills:
 - Level 10.0(15.0) Fighting
 - Level 2.4(7.4) Dodging
 - Level 1.0(6.0) Stealth
 + Level 17.6(22.6) Unarmed Combat
 - Level 5.0 Invocations


You had 11 spell levels left.
You didn't know any spells.
Your spell library contained the following spells:

 Spells                   Type           Power      Damage    Failure   Level
 Sandblast                Erth           0%         2d4       50%         1
 Shock                    Conj/Air       0%         1d3       50%         1
 Passwall                 Tmut/Erth      0%         N/A       65%         2
 Scorch                   Fire           0%         2d5       65%         2
 Sublimation of Blood     Necr           0%         N/A       65%         2
 Wereblood                Tmut           0%         N/A       65%         2
 Stone Arrow              Conj/Erth      0%         3d7       86%         3
 Swiftness                Air            0%         N/A       86%         3
 Airstrike                Air            0%         2d(0-16)  99%         4
 Flame Wave               Conj/Fire      0%         2d4       99%         4
 Summon Cactus Giant      Summ           Unusable   N/A       N/A         6
 Summon Hydra             Summ           Unusable   N/A       N/A         7

Inventory:

Hand Weapons
 b - a +2 dire flail (weapon)
Missiles
 O - a curare-tipped dart {=f}
Armour
 J - a +0 troll leather armour (worn)
 L - a +1 robe of willpower
 T - a +1 hat (worn)
Magical Staves
 f - a staff of poison
Jewellery
 h - an amulet of the acrobat (around neck)
 p - a ring of poison resistance
 r - a +6 ring of strength
 s - a +4 ring of protection (right claw)
 y - an amulet of guardian spirit
 B - a +5 ring of evasion (left claw)
 E - an amulet of regeneration
 G - a ring of protection from fire
 H - a ring of fire
Wands
 a - a wand of roots (28)
 w - a wand of flame (35)
 D - a wand of polymorph (8)
 M - a wand of acid (27)
 N - a wand of mindburst (17)
 U - a wand of digging (3)
Scrolls
 e - 7 scrolls of noise {!r}
 i - 3 scrolls of magic mapping
 j - 6 scrolls of poison {!r}
 k - 2 scrolls of fear
 o - 5 scrolls of immolation {!r}
 q - 3 scrolls of teleportation {@r4}
 v - a scroll of torment {!r}
 C - 2 scrolls of silence {!r}
 I - 2 scrolls of fog
 K - a scroll of enchant armour {unknown}
 Q - a scroll of blinking {unknown}
 R - a scroll of amnesia {unknown}
 V - a scroll of vulnerability {unknown}
Potions
 c - 2 potions of magic {unknown}
 d - 5 potions of heal wounds {@q2}
 g - 4 potions of lignification {unknown}
 l - 3 potions of mutation {!q}
 m - a potion of invisibility {unknown}
 n - 3 potions of might {unknown}
 t - 3 potions of degeneration {unknown}
 u - 2 potions of flight {unknown}
 z - 3 potions of haste {@q3}
 A - 6 potions of curing {@q1}
 F - 2 potions of cancellation {unknown}
 P - 3 potions of attraction {!q}
 S - a potion of resistance {unknown}
 W - 5 potions of ambrosia

Dungeon Overview and Level Annotations

Branches:
Dungeon (14/15)            Temple (1/1) D:5            Lair (0/5) D:8
    Orc (0/2) D:11
 Vaults: D:13-14

Altars:
Ashenzari
Cheibriados
Dithmenos
Elyvilon
Fedhas
Gozag
Hepliaklqana
Kikubaaqudgha
Makhleb
Nemelex Xobeh
Okawaru
Qazlal
Ru
Sif Muna
Trog
Uskayaw
Vehumet
Wu Jian
Xom
Yredelemnul
Zin
The Shining One

Shops:
D:4 *   D:8 !   D:11 :

Annotations:
D:8 exclusion: downstairs
D:11 exclusion: downstairs
D:12 1 runed translucent door

▒.▒ ▒........................ ▒.▒
▒........................ ▒.▒
▒........................ ▒.▒
▒........................
▒▒▒.▒▒▒▒▒........................
.................................
...........((....................
.............(...................
...............DT................
..........▒▒▒▒▒▒▒▒▒▒▒▒▒▒▒▒▒▒▒▒▒.▒
..........▒ ▒.▒
..(.......▒▒▒▒▒▒▒▒▒▒▒▒▒▒▒▒▒▒▒▒▒>.
..▒..............................
..▒▒▒▒▒▒▒▒▒▒▒▒▒▒▒▒▒▒▒▒▒▒▒▒▒▒▒▒▒▒▒
.........▒ ▒▒▒▒▒▒▒▒.▒ ▒.▒


You could see an eight-headed hydra.


Message History

The eight-headed hydra barely misses you.
The eight-headed hydra bites you!
* * * LOW HITPOINT WARNING * * *
The eight-headed hydra closely misses you.
The eight-headed hydra bites you!
* * * LOW HITPOINT WARNING * * *
The eight-headed hydra bites you but does no damage.
The eight-headed hydra bites you but does no damage.
Unknown command.
You hit the eight-headed hydra.
The eight-headed hydra is severely wounded.
The eight-headed hydra bites you!
* * * LOW HITPOINT WARNING * * *
The eight-headed hydra misses you.
The eight-headed hydra bites you but does no damage.
The eight-headed hydra completely misses you.
The eight-headed hydra barely misses you.
The eight-headed hydra misses you. The eight-headed hydra bites you.
* * * LOW HITPOINT WARNING * * *
The eight-headed hydra misses you.
You hit the eight-headed hydra.
The eight-headed hydra is severely wounded.
The eight-headed hydra barely misses you.
The eight-headed hydra closely misses you.
The eight-headed hydra barely misses you.
The eight-headed hydra bites you.
* * * LOW HITPOINT WARNING * * *
The eight-headed hydra bites you!
You die...

Action                     |  1- 3 |  4- 6 |  7- 9 | 10-12 || total
---------------------------+-------+-------+-------+-------++-------
  Melee: Unarmed           |   111 |    80 |   274 |   564 ||  1029
         Punch             |     2 |     4 |    17 |    65 ||    88
         Dire flail        |       |       |       |    15 ||    15
  Throw: Javelin           |       |       |       |     4 ||     4
 Invoke: Heroism           |       |       |       |     5 ||     5
  Evoke: Wand              |       |       |       |    10 ||    10
    Use: Scroll            |       |       |       |    12 ||    12
   Stab: Sleeping          |     1 |     1 |     3 |     2 ||     7
         Distracted        |       |       |       |     1 ||     1
 Armour: Robe              |    30 |    17 |    52 |       ||    99
         Troll leather arm |       |       |     1 |   138 ||   139
  Dodge: Dodged            |    65 |    53 |   186 |   458 ||   762

Levels and vault maps discovered:
D:1:      dpeg_arrival_chambers_temple_mockup, layout_basic, serial_park_tiny_1,
          nicolae_kite_square_tiling_tiny
D:2:      kb_forest_paths, layout_basic, minmay_cut_off
D:3:      layout_basic, evilmike_ruin_ashenzari, uniq_jessica
D:4:      layout_basic, gammafunk_temple_overflow_forgotten, minmay_shop_mass,
          minmay_lizard_king
D:5:      layout_loops_ring, temple_hall
D:6:      layout_rooms, mainiacjoe_overflow_paths, hangedman_ru_absence
D:7:      minmay_chambers_of_sixes, layout_rooms,
          grunt_temple_overflow_cloverleaf
D:8:      layout_layer_cave, nicolae_overflow_hidden_temple,
          due_lair_maze_entry_diamond, serial_shops,
          nicolae_shop_advertising_works [nicolae_subvault_shop_adworks],
          hangedman_decor_points, uniq_prince_ribbit1
D:9:      cheibrodos_helix_gallery, layout_irregular_city, minmay_ruffians
D:10:     layout_rooms
D:11:     layout_basic, zombieorc1_lemuel, serial_shops, nicolae_diamond_shop,
          kennysheep_pointless_box
D:12:     minmay_gate_of_8, layout_rooms, uniq_nessos
D:13:     layout_basic, special_room [special_room_bee], uniq_kirke
D:14:     layout_basic, grunt_vaults_entry_fortified, minmay_strange_pillars
Temple:   minmay_temple_curvy_loop

Notes
Turn   | Place    | Note
-------+----------+-------------------------------------------
     0 | D:1      | sanka the Troll Monk began the quest for the Orb.
     0 | D:1      | Reached XP level 1. HP: 22/22 MP: 0/0
   258 | D:1      | Reached skill level 3 in Fighting
   258 | D:1      | Reached XP level 2. HP: 30/31 MP: 1/1
   880 | D:2      | Reached XP level 3. HP: 37/37 MP: 2/2
  1071 | D:2      | Reached skill level 4 in Unarmed Combat
  1755 | D:3      | Reached XP level 4. HP: 42/45 MP: 3/3
  1807 | D:3      | Reached skill level 5 in Unarmed Combat
  1815 | D:3      | Noticed an ogre
  1922 | D:6      | Found a sacrificial altar of Ru.
  1925 | D:6      | Noticed a scorpion
  1932 | D:6      | Killed a scorpion
  1933 | D:6      | Reached XP level 5. HP: 53/53 MP: 4/4
  1983 | D:6      | Reached skill level 6 in Unarmed Combat
  2096 | D:5      | Entered Level 5 of the Dungeon
  2159 | D:5      | Reached XP level 6. HP: 61/61 MP: 5/5
  2182 | D:5      | Reached skill level 7 in Unarmed Combat
  2201 | D:4      | Found Vishi's Mass Market.
  2435 | D:3      | Found a broken altar of Ashenzari.
  2717 | D:3      | Noticed Jessica
  2725 | D:3      | Killed Jessica
  2726 | D:3      | Reached XP level 7. HP: 63/67 MP: 6/6
  2984 | D:4      | Reached skill level 8 in Unarmed Combat
  3091 | D:3      | Found a broken altar of Ashenzari.
  3697 | D:4      | Found a white marble altar of Elyvilon.
  3699 | D:4      | Found a shadowy altar of Dithmenos.
  3699 | D:4      | Found a hazy altar of Hepliaklqana.
  3794 | D:4      | Reached skill level 9 in Unarmed Combat
  4533 | D:5      | Reached XP level 8. HP: 75/75 MP: 7/7
  4643 | D:5      | Reached skill level 10 in Unarmed Combat
  4764 | D:5      | Reached skill level 4 in Fighting
  5072 | D:5      | Found a staircase to the Ecumenical Temple.
  5083 | Temple   | Entered the Ecumenical Temple
  5504 | D:6      | Reached skill level 5 in Fighting
  5642 | D:6      | Found an ancient bone altar of Kikubaaqudgha.
  5870 | D:7      | Reached XP level 9. HP: 71/87 MP: 8/8
  5874 | D:7      | Reached skill level 11 in Unarmed Combat
  6019 | D:7      | Found a radiant altar of Vehumet.
  6022 | D:7      | Found a stormy altar of Qazlal.
  6025 | D:7      | Found an iron altar of Okawaru.
  6029 | D:7      | Became a worshipper of Warmaster Okawaru
  6029 | D:7      | Reached * piety under Okawaru
  6029 | D:7      | Reached ** piety under Okawaru
  6037 | D:7      | Reached skill level 12 in Unarmed Combat
  6046 | D:7      | Found a bloodstained altar of Trog.
  6273 | D:7      | Noticed a troll
  6274 | D:7      | Noticed a gargoyle
  6288 | D:7      | Killed a troll
  6324 | D:7      | Reached skill level 13 in Unarmed Combat
  6329 | D:7      | Killed a gargoyle
  6329 | D:7      | Reached *** piety under Okawaru
  6349 | D:7      | Noticed a cyclops
  6359 | D:7      | Killed a cyclops
  6360 | D:7      | Reached XP level 10. HP: 87/96 MP: 9/9
  6534 | D:8      | Found Kaxoutt's Distillery.
  6683 | D:8      | Reached skill level 14 in Unarmed Combat
  6788 | D:8      | Noticed Prince Ribbit
  6798 | D:8      | Killed Prince Ribbit
  6897 | D:8      | Reached **** piety under Okawaru
  6922 | D:8      | Found a glowing golden altar of the Shining One.
  7105 | D:8      | Found a staircase to the Lair.
  7749 | D:8      | Bought a potion of haste for 110 gold pieces
  7749 | D:8      | Bought a potion of heal wounds for 55 gold pieces
  7749 | D:8      | Bought a potion of curing for 33 gold pieces
  7749 | D:8      | Bought a potion of attraction for 33 gold pieces
  7749 | D:8      | Bought a potion of brilliance for 44 gold pieces
  7749 | D:8      | Bought a potion of mutation for 88 gold pieces
  7931 | D:9      | Reached skill level 15 in Unarmed Combat
  7941 | D:9      | Reached skill level 1 in Invocations
  8009 | D:9      | Reached skill level 2 in Invocations
  8098 | D:9      | Reached ***** piety under Okawaru
  8102 | D:9      | Reached skill level 3 in Invocations
  8113 | D:9      | Reached skill level 6 in Fighting
  8189 | D:9      | Noticed a two-headed ogre
  8195 | D:9      | Killed a two-headed ogre
  8196 | D:9      | Reached skill level 4 in Invocations
  8196 | D:9      | Reached XP level 11. HP: 107/107 MP: 11/13
  8526 | D:9      | Identified the +1 scale mail "Nuaro" {-Tele rN++ Int+3}
  8551 | D:10     | Entered Level 10 of the Dungeon
  8704 | D:10     | Identified the +1 robe of the Quahog {rN+} (Okawaru gifted
                  | it to you on level 10 of the Dungeon)
  8704 | D:10     | Received a gift from Okawaru
  8712 | D:10     | Reached skill level 5 in Invocations
  8719 | D:10     | Reached skill level 7 in Fighting
  9005 | D:11     | Paralysed by a hornet for 3 turns
  9015 | D:11     | Reached skill level 8 in Fighting
  9153 | D:11     | Found a staircase to the Orcish Mines.
  9603 | D:11     | Reached skill level 9 in Fighting
  9660 | D:11     | Found Cumihib's Book Boutique.
  9832 | D:11     | Noticed a two-headed ogre
  9841 | D:11     | Killed a two-headed ogre
 10154 | D:12     | Noticed Nessos
 10164 | D:12     | Killed Nessos
 10165 | D:12     | Reached skill level 10 in Fighting
 10202 | D:12     | Reached XP level 12. HP: 125/126 MP: 14/14
 10303 | D:12     | Noticed a frost giant
 10303 | D:12     | Noticed a shadow dragon
 10304 | D:12     | Found a runed translucent door.
 10306 | D:12     | Noticed a frost giant
 10306 | D:12     | Noticed a sphinx
 10306 | D:12     | Noticed a shadow dragon
 10306 | D:12     | Noticed a deep elf high priest
 10306 | D:12     | Noticed a war gargoyle
 10511 | D:13     | Noticed a boulder beetle
 10530 | D:13     | Killed a boulder beetle
 10530 | D:13     | Reached ****** piety under Okawaru
 10552 | D:13     | Noticed Kirke
 10606 | D:12     | Identified the +3 kite shield of the Modern Hells {Harm rC-
                  | rN+} (Okawaru gifted it to you on level 12 of the Dungeon)
 10606 | D:12     | Received a gift from Okawaru
 11015 | D:12     | Found a runed translucent door.
 11112 | D:12     | Noticed a sphinx
 11125 | D:12     | Killed Kirke
 11126 | D:12     | Reached skill level 16 in Unarmed Combat
 11498 | D:13     | Noticed a four-headed hydra
 11937 | D:13     | Noticed a boulder beetle
 11955 | D:13     | Killed a boulder beetle
 12322 | D:14     | Noticed a catoblepas
 12332 | D:14     | Killed a catoblepas
 12346 | D:14     | Noticed a vault guard
 12358 | D:14     | Noticed a vault guard
 12408 | D:14     | Noticed a boulder beetle
 12414 | D:14     | Killed a boulder beetle
 12415 | D:14     | Reached skill level 17 in Unarmed Combat
 12490 | D:14     | Noticed an eight-headed hydra
 12490 | D:14     | Noticed a two-headed ogre
 12729 | D:14     | Noticed an ogre mage
 12729 | D:14     | Noticed a vault guard
 12760 | D:14     | Killed a vault guard
 12767 | D:14     | Killed an ogre mage
 12879 | D:14     | HP: 10/126 [two-headed ogre/+0 giant spiked club (16)]
 12985 | D:12     | Killed a two-headed ogre
 13089 | D:13     | HP: 11/126 [eight-headed hydra (11)]
 13090 | D:13     | HP: 5/126 [eight-headed hydra (4)]
 13090 | D:13     | Slain by an eight-headed hydra

Vanquished Creatures
  Kirke (D:12)
  Nessos (D:12)
  A vault guard (D:14)
  A catoblepas (D:14)
  An ogre mage (D:14)
  3 two-headed ogres
  3 boulder beetles
  5 manticores
  An orc sorcerer (D:14)
  3 cyclopes
  A gargoyle (D:7)
  A queen bee (D:13)
  A hornet (D:11)
  4 trolls
  3 meliai
  Prince Ribbit (D:8)
  2 shadows (D:11)
  4 wraiths
  3 wyverns
  21 yaks
  A hog (D:12)
  11 humans
  5 vampire mosquitoes
  A steam dragon (D:8)
  An acid dragon (D:8)
  3 water moccasins
  An ice beast (D:8)
  5 orc warriors
  5 black bears
  4 ogres
  2 centaurs
  3 phantoms
  6 kobold brigands
  A necrophage (D:6)
  6 bullfrogs
  5 scorpions
  10 wights
  2 troll zombies (D:11)
  14 killer bees
  An electric eel (D:9)
  4 howler monkeys
  4 hounds
  5 orc priests
  2 gnoll boudas
  2 jellies (D:7)
  Jessica (D:3)
  3 iguanas
  6 orc wizards
  4 ogre zombies (D:11)
  12 gnolls
  10 adders
  A shadow imp (D:5)
  2 white imps
  An ufetubus (D:6)
  4 worms
  4 dart slugs
  28 orcs
  4 bats
  10 endoplasms
  4 giant cockroaches
  7 goblins
  7 hobgoblins
  7 quokkas
  6 ball pythons
  10 frilled lizards
  5 goblin zombies (D:11)
  2 hobgoblin zombies (D:11)
  32 kobolds
  An orc skeleton (D:11)
  11 orc zombies (D:11)
  5 rats
352 creatures vanquished.

Vanquished Creatures (others)
  34 fungi (D:8)
  34 plants
68 creatures vanquished.

Grand Total: 420 creatures vanquished
